 Dungeon Crawl Stone Soup version 0.18.1-8-gdd0e5ea (webtiles) character file.

28 oplop the Sneak (level 3, 15/16 HPs)
             Began as a Vine Stalker Enchanter on May 24, 2016.
             Quit the game on level 2 of the Dungeon on May 26, 2016.
             The game lasted 00:03:22 (1080 turns).

oplop the Sneak (Vine Stalker Enchanter)            Turns: 1080, Time: 00:03:22

Health: 15/16      AC:  4    Str: 10    XL:     3   Next: 14%
Magic:  6/7        EV: 12    Int: 15    God:
Gold:   40         SH:  0    Dex: 15    Spells: 2 memorised, 3 levels left

rFire  . . .     SeeInvis .     a - +1 dagger
rCold  . . .     Gourm    .     b - +1 robe
rNeg   . . .     Faith    .     (no shield)
rPois  .         Spirit   +     (no helmet)
rElec  .         Dismiss  .     h - +0 cloak
rCorr  .         Reflect  .     (no gloves)
SustAt .         Harm     .     (no boots)
MR     .....                    (no amulet)
Stlth  +++.......               (no ring)
                                (no ring)

@: not resistant to hostile enchantments, fairly stealthy
A: fangs 2, regeneration 1, magic shield, antimagic bite, no device heal 3, rot
immunity
a: no special abilities


You were on level 2 of the Dungeon.
You were hungry.

You visited 1 branch of the dungeon, and saw 2 of its levels.

You collected 40 gold pieces.

Inventory:

Hand Weapons
 a - a +1 dagger (weapon)
Armour
 b - a +1 robe (worn)
 h - a +0 cloak (worn)
Scrolls
 i - 3 scrolls of teleportation {unknown}
 j - 2 scrolls of identify {unknown}
Potions
 e - a potion of lignification {unknown}
 f - a potion of heal wounds {unknown}
 k - a potion of might {unknown}
Books
 c - a book of Maledictions

   Spells                             Type                      Level
   a - Corona                         Hexes                        1
   b - Ensorcelled Hibernation        Hexes/Ice                    2
   c - Confuse                        Hexes                        3
   d - Tukima's Dance                 Hexes                        3
   e - Dazzling Spray                 Conjuration/Hexes            3
Comestibles
 d - 2 bread rations
 g - 2 meat rations


   Skills:
 - Level 0.8 Short Blades
 + Level 2.0 Dodging
 + Level 4.1 Stealth
 + Level 2.3 Spellcasting
 + Level 3.3 Hexes


You had 3 spell levels left.
You knew the following spells:

 Your Spells              Type           Power        Failure   Level  Hunger
a - Corona                Hex            ##.....      8%          1    #......
b - Ensorcelled Hibernat  Hex/Ice        #.....       17%         2    ###....


Dungeon Overview and Level Annotations

Branches:
Dungeon (2/15)

Altars:

Annotations:
D:2 Natasha, Terence


Innate Abilities, Weirdness & Mutations

You have extremely sharp teeth.
Your natural rate of healing is unusually fast.
When hurt, damage is shared between your health and your magic reserves.
Your bite disrupts and absorbs the magic of your enemies.
Potions and wands cannot restore your health.
You are immune to rotting.


Message History

Your magical contamination has completely faded away.
Magic restored.
g - 2 meat rations (gained 1) Terence the Incautious comes into view.
He is wielding an enchanted falchion.
Terence is nearby!
Terence is nearby!
Terence shouts!
Terence closely misses you.
You hit Terence but do no damage.
Terence hits you with an enchanted falchion!
Terence barely misses you.
Level annotation: Natasha, Terence Welcome back, oplop the Vine Stalker Enchanter.
Press ? for a list of commands and other information.
Unknown command.
Saving game... please wait.
Level annotation: Natasha, Terence Welcome back, oplop the Vine Stalker Enchanter.
Press ? for a list of commands and other information.
Are you sure you want to abandon this character and quit the game? (Confirm with "yes".)

#.# #.# #.# #.#
# #.# #.# # #.#
#.# # #.# #.#
###.###### #.#
#........#
#@##########
#.#.####.#
#.##.......#
..#.# ##.## #
#@##.......#
....###...##.#
#.##.......#
....##.....#.#
#..........#
.............#
####.......#
........#..###
##.......#####.#
#.#.....##.#
#..............#
.....##.#..#
#.#.....########
#.#...##5#.#
#.##...##
#..#.#.#.#.#
#.###.##


You could see Terence.

Vanquished Creatures
  A dart slug (D:1)
  A giant gecko (D:2)
  A giant cockroach (D:1)
  3 goblins
  2 hobgoblins
  2 jackals (D:1)
  3 kobolds
  A quokka (D:2)
  2 ball pythons (D:1)
  3 bats
  4 rats
23 creatures vanquished.

Notes
Turn   | Place    | Note
--------------------------------------------------------------
     0 | D:1      | oplop the Vine Stalker Enchanter began the quest for the Orb.
     0 | D:1      | Reached XP level 1. HP: 9/9 MP: 4/4
     3 | D:1      | Noticed an electric eel
     3 | D:1      | Noticed an electric eel
    67 | D:1      | jacquesderrida: KETTLE POT
   119 | D:1      | namelastname112: ммм
   119 | D:1      | jacquesderrida: NAMIRRRRRRRRR
   119 | D:1      | namelastname112: всенишь
   119 | D:1      | namelastname112: пойду в магаз сбегаю
   119 | D:1      | jacquesderrida: Есенишь
   119 | D:1      | oplop: мы с тамарой ходим парой.жжпг
   119 | D:1      | oplop: нейм, держи в кусре, бгг
   122 | D:1      | jacquesderrida: мы с тамаром ходим паром
   141 | D:1      | Reached XP level 2. HP: 13/13 MP: 6/6
   162 | D:1      | Learned a level 2 spell: Ensorcelled Hibernation
   327 | D:1      | jacquesderrida: Убьют по дороше в магазин, намир
   361 | D:1      | jacquesderrida: И виебут потом
   741 | D:2      | Reached skill level 4 in Stealth
   755 | D:2      | Reached XP level 3. HP: 13/16 MP: 3/7
   818 | D:2      | namelastname112: бля
   821 | D:2      | namelastname112: джейди
   821 | D:2      | namelastname112: не трожь меня
   821 | D:2      | namelastname112: я мирный парень
   821 | D:2      | namelastname112: орбов вот тебе натаскал
   821 | D:2      | jacquesderrida: Бутылкой по балде ебнут
   821 | D:2      | jacquesderrida: Будь осторожен, намир
   821 | D:2      | jacquesderrida: спс
   821 | D:2      | jacquesderrida: че там, первое место заняли??!!
   821 | D:2      | jacquesderrida: Должены бы...
   821 | D:2      | jacquesderrida: DAVAI!!!!!!!!!!!!!
   902 | D:2      | Noticed Natasha
  1059 | D:2      | Noticed Terence
  1078 | D:2      | namelastname112: лол
  1080 | D:2      | namelastname112: я уходил
  1080 | D:2      | namelastname112: ты был на д2
  1080 | D:2      | namelastname112: я пришел
  1080 | D:2      | namelastname112: ты на д2
  1080 | D:2      | Quit the game

Skill      XL: |  1  2 |
---------------+-------+-----
Stealth        | 4 |  4.1
Dodging        | 2 |  2.0
Short Blades   | |  0.8
Spellcasting   | |  2.3
Hexes          | |  3.3

Action                   || total
-------------------------++-------
Melee: Dagger            ||    78
       Bite              ||    13
 Cast: Corona            ||     4
       Ensorcelled Hiber ||     4
 Stab: Sleeping          ||     9
Armor: Robe              ||    27
Dodge: Dodged            ||    49
